Map: Kairos Junction LE

Players

shism - Winner!

  • Race: Terran Terran
  • League: Platinum
  • Spawn Location: 5:00

Smeeeger

  • Race: Zerg Zerg
  • League: Platinum
  • Spawn Location: 11:00

VOD

Have the link to the VOD?

Description

Time

  • Played on: July 12, 2019, 7:37 p.m.
  • Length: 10:31
Show
View Real Time Build Order
Export as new Build Order

shism Terran - Winner!

Build Orders: Gas First Reaper Expand 

Get SALT Encoding   

  12  0:00  SCV  
  13  0:12  SCV  
  14  0:19  Supply Depot  
  14  0:24  SCV  
  15  0:30  Refinery  
  15  0:40  SCV  
  16  0:44  Barracks  
  16  0:53  SCV  
  17  1:05  SCV  
  18  1:17  SCV  
  19  1:31  Reaper  
  20  1:36  Command Center  
  20  1:52  Factory  
  20  1:57  Orbital Command  
  20  2:06  Refinery  
  20  2:09  Barracks Reactor  
  20  2:21  Supply Depot  
  20  2:27  SCV  
  21  2:39  Starport, SCV  
  22  2:50  Orbital Command  
  21  2:57  Barracks Tech Lab  
  21  2:58  Hellion  
  23  3:03  Hellion  
  25  3:10  Orbital Command  
  25  3:11  SCV  
  26  3:25  Marine  
  27  3:37  Viking  
  27  3:38  Barracks  
  29  3:42  SCV  
  30  3:50  Widow Mine  
  30  3:52  SCV  
  33  3:57  Marine  
  34  4:06  Command Center  
  34  4:08  SCV  
  35  4:26  SCV x2  
  35  4:29  Factory Tech Lab  
  35  4:31  Engineering Bay  
  37  4:35  Supply Depot  
  37  4:38  SCV  
  37  4:39  Stimpack, Barracks Tech Lab, SCV  
  37  4:44  Barracks  
  39  4:50  SCV  
  39  4:51  SCV  
  39  4:52  Supply Depot  
  41  4:59  Terran Infantry Weapons Level 1  
  41  5:03  SCV x2  
  43  5:15  SCV x2  
  43  5:19  Combat Shield  
  43  5:20  Marine, Siege Tank  
  43  5:21  Marine, Medivac  
  50  5:27  SCV x2  
  54  5:39  SCV x2  
  56  5:51  SCV x2  
  56  5:54  Supply Depot, Marine x2, Barracks Reactor  
  60  6:03  SCV x2  
  62  6:08  Refinery  
  62  6:12  Orbital Command  
  62  6:15  SCV x2  
  62  6:17  Barracks  
  64  6:18  Barracks  
  64  6:19  Barracks  
  64  6:27  Refinery, SCV x2  
  64  6:31  Marine x4  
  70  6:45  Orbital Command  
  70  6:48  Marine  
  70  6:49  Marine  
  70  6:52  Medivac  
  70  6:53  Marine x2  
  70  6:54  Siege Tank  
  73  7:00  Terran Infantry Armor Level 1  
  73  7:02  Engineering Bay  
  73  7:03  Armory, SCV x2  
  73  7:06  Marine x2  
  77  7:10  SCV  
  77  7:14  Barracks Reactor, Barracks Tech Lab  
  77  7:15  Barracks Reactor, SCV x2  
  80  7:20  Marine  
  80  7:21  Marine  
  82  7:22  SCV  
  82  7:24  Marine x2  
  85  7:41  Marine, SCV x3  
  85  7:42  Supply Depot  
  85  7:43  Supply Depot x2  
  89  7:47  Marine x3  
  89  7:49  Marine  
  93  7:55  SCV  
  93  7:56  Marine x2  
  90  7:59  Marine  
  90  8:02  Marine  
  90  8:05  Marine  
  88  8:08  SCV x3  
  91  8:18  Marine  
  91  8:19  Marine x6  
  98  8:20  Siege Tank, Medivac, SCV x3  
  98  8:21  Medivac  
  108  8:32  SCV x3  
  108  8:33  Starport  
  111  8:37  Marine x4  
  111  8:38  Marauder  
  117  8:43  Refinery  
  117  8:45  Supply Depot  
  117  9:00  SCV  
  117  9:01  SCV x2  
  113  9:07  Marine x8  
  113  9:08  Siege Tank  
  124  9:12  Liberator, SCV  
  124  9:15  Liberator  
  124  9:16  Starport Tech Lab  
  125  9:19  Supply Depot  
  125  9:21  Supply Depot  
  125  9:24  Supply Depot  
  125  9:25  SCV  
  125  9:28  SCV  
  124  9:39  Marine  
  124  9:40  Marine x2  
  124  9:41  Siege Tank  
  124  9:43  Concussive Shells  
  130  9:46  Supply Depot  
  130  9:49  Refinery  
  130  9:52  Supply Depot x2  
  130  9:59  Marine x3  
  133  10:00  Marine, Marauder x2  
  133  10:01  Marauder  
  142  10:07  Command Center  
Show
View Real Time Build Order
Export as new Build Order

Smeeeger Zerg 

Build Orders: Hatch First 

Get SALT Encoding   

  12  0:02  Drone  
  13  0:13  Overlord  
  13  0:17  Drone  
  14  0:31  Drone x2  
  14  0:35  Drone  
  17  0:46  Drone  
  18  0:58  Hatchery  
  17  1:09  Spawning Pool  
  16  1:12  Drone  
  16  1:17  Drone  
  18  1:20  Drone  
  19  1:26  Extractor  
  19  1:29  Drone  
  19  1:39  Overlord  
  19  1:56  Queen  
  19  1:58  Zergling x2  
  22  2:01  Zergling x2  
  23  2:09  Queen  
  23  2:10  Zergling x2  
  26  2:23  Drone x3  
  29  2:38  Overlord  
  29  2:40  Drone  
  30  2:45  Queen  
  32  2:52  Drone x2  
  34  3:01  Drone  
  34  3:02  Drone  
  34  3:04  Metabolic Boost  
  36  3:07  Hatchery  
  35  3:32  Drone  
  35  3:33  Drone x2  
  35  3:35  Drone  
  35  3:36  Drone x2  
  35  3:37  Spine Crawler  
  35  3:38  Drone  
  35  3:39  Drone x2  
  40  3:42  Overlord  
  40  3:51  Drone  
  41  3:59  Baneling Nest  
  41  4:01  Drone x2, Extractor  
  41  4:02  Overlord, Extractor  
  40  4:03  Zergling x4  
  40  4:09  Zergling x4  
  44  4:13  Drone x3  
  47  4:19  Drone x2  
  49  4:28  Spore Crawler  
  49  4:31  Spore Crawler, Drone  
  47  4:32  Drone x4  
  47  4:34  Queen  
  47  4:35  Spore Crawler  
  53  4:41  Lair  
  53  4:44  Baneling x2  
  53  4:47  Drone x2  
  53  4:48  Drone x2  
  57  4:59  Drone  
  58  5:02  Overlord x3  
  56  5:17  Drone x2  
  56  5:20  Overlord x3  
  58  5:25  Drone x2  
  58  5:26  Drone x2  
  58  5:47  Drone  
  58  5:48  Drone, Zergling x16  
  58  5:49  Zergling x6  
  71  5:54  Roach Warren  
  71  5:55  Overlord  
  71  5:56  Evolution Chamber  
  69  5:58  Centrifical Hooks  
  69  6:00  Overseer  
  69  6:14  Baneling x5  
  69  6:19  Overlord x2  
  69  6:23  Zergling x4, Extractor  
  69  6:24  Zergling x12, Extractor  
  69  6:25  Zergling x4  
  76  6:30  Drone x3  
  75  7:01  Roach x8  
  91  7:02  Roach  
  91  7:06  Baneling  
  93  7:14  Hatchery  
  92  7:27  Extractor  
  92  7:30  Drone x3  
  92  7:31  Drone x3  
  59  8:13  Infestation Pit, Roach x15  
  87  8:21  Zergling x2  
  88  8:31  Evolution Chamber x2  
  88  8:32  Glial Reconstitution, Zerg Missile Weapons Level 1, Evolution Chamber  
  85  8:34  Ravager  
  85  8:35  Ravager  
  85  8:38  Drone  
  85  8:39  Drone x6  
  85  8:40  Queen  
  96  8:46  Ravager  
  97  8:48  Ravager  
  97  8:50  Drone  
  97  8:51  Drone x2  
  97  8:52  Drone x2  
  101  9:21  Drone  
  101  9:22  Drone x3  
  101  9:27  Zergling x20  
  80  9:39  Hydralisk Den  
  80  9:41  Roach x4  
  87  9:46  Baneling x6  
  87  9:48  Queen  
  87  9:50  Queen  
  91  9:53  Spine Crawler  
  91  9:54  Spore Crawler  
  91  9:55  Drone x3, Spine Crawler  
  91  9:56  Drone  
  91  9:57  Spore Crawler, Roach x3  
  91  9:58  Roach  
  99  10:08  Drone  
  99  10:09  Drone x2  
  99  10:12  Extractor  
  99  10:13  Drone x3  
  99  10:14  Drone, Extractor  
  105  10:17  Drone x3  
Tags
 
Add a new tag
Caveats
  • Supply blocks, unpowered buildings, or Contaminate may cause inaccurate times.
  • Supply counts are checked every 10 seconds.